 Dungeon Crawl Stone Soup version 0.18.1-48-g4cf74bf (webtiles) character file.

126 Inkary the Twirler (level 4, -4/39 HPs)
             Began as a Minotaur Gladiator on Aug 1, 2016.
             Killed by divine providence
             ... invoked by an orc priest
              (14 damage)
             ... on level 3 of the Dungeon.
             The game lasted 00:01:44 (1537 turns).

Inkary the Twirler (Minotaur Gladiator)             Turns: 1537, Time: 00:01:45

Health: -4/39      AC:  3    Str: 20    XL:     4   Next: 83%
Magic:  3/3        EV: 13    Int:  5    God:
Gold:   109        SH:  0    Dex: 11    Spells: 0 memorised, 3 levels left

rFire  . . .     SeeInvis .     a - +0 quarterstaff
rCold  . . .     Gourm    .     b - +0 leather armour
rNeg   . . .     Faith    .     (shield currently unavailable)
rPois  .         Spirit   .     c - +0 hat
rElec  .         Dismiss  .     (no cloak)
rCorr  .         Reflect  .     (no gloves)
SustAt .         Harm     .     (no boots)
MR     .....                    (no amulet)
Stlth  +.........               (no ring)
                                (no ring)

@: lethally poisoned (-4 -> -26), not resistant to hostile enchantments, very
unstealthy
A: retaliatory headbutt, horns 2
a: no special abilities


You were on level 3 of the Dungeon.
You were not hungry.

You visited 1 branch of the dungeon, and saw 3 of its levels.

You collected 109 gold pieces.

Inventory:

Hand Weapons
 a - a +0 quarterstaff (weapon)
Missiles
 d - 3 throwing nets (quivered)
Armour
 b - a +0 leather armour (worn)
 c - a +0 hat (worn)
Jewellery
 h - an uncursed ring of protection from magic {unknown}
Scrolls
 i - 3 scrolls of remove curse {unknown}
 j - 2 scrolls of identify {unknown}
 l - 2 scrolls of fog {unknown}
Potions
 e - a potion of berserk rage {unknown}
 g - a potion of resistance {unknown}
 k - 2 potions of haste {unknown}
 m - a potion of degeneration {unknown}
 n - a potion of heal wounds {unknown}
 o - a potion of curing {unknown}
Comestibles
 f - a bread ration


   Skills:
 + Level 3.6 Fighting
 + Level 4.6 Staves
 - Level 2.0 Throwing
 + Level 2.4 Armour
 + Level 4.2 Dodging


You had 3 spell levels left.
You didn't know any spells.

Dungeon Overview and Level Annotations

Branches:
Dungeon (3/15)

Altars:
Ru


Innate Abilities, Weirdness & Mutations

You reflexively headbutt those who attack you in melee.
You have a pair of horns on your head.


Message History

You are poisoned.
The quokka bites you. The orc closely misses you.
The orc priest shouts!
You hit the orc.
You kill the orc!
You feel sick. Something barely misses you. The quokka barely misses you.
You hit the quokka.
The quokka is almost dead.
You feel sick. Something hits you.
You are more poisoned.
The quokka misses you. You furiously retaliate!
You headbutt the quokka, but do no damage.
You barely miss the quokka.
The quokka is almost dead.
You feel sick. The quokka closely misses you. Something hits you.
* * * LOW HITPOINT WARNING * * *
You are more poisoned.
The orc priest calls down the wrath of Beogh upon you.
Beogh smites you!
You die...

###### ....
######.#########
#....#..){o.....
#<.#.)..@#
####.....r.....#
..........####.#
...........o..
#>...(..........
######......####
#......#
#.....##


You could see an orc priest, an orc and a quokka.

Vanquished Creatures
  Jessica (D:2)
  2 adders (D:2)
  A gnoll (D:1)
  An ooze (D:3)
  3 worms (D:2)
  4 dart slugs
  A giant gecko (D:1)
  2 orcs (D:3)
  A giant cockroach (D:2)
  9 goblins
  8 hobgoblins
  5 kobolds
  2 ball pythons (D:2)
  4 bats
  3 giant newts (D:2)
  3 rats (D:1)
50 creatures vanquished.

Notes
Turn   | Place    | Note
--------------------------------------------------------------
     0 | D:1      | Inkary the Minotaur Gladiator began the quest for the Orb.
     0 | D:1      | Reached XP level 1. HP: 18/18 MP: 0/0
    86 | D:1      | Reached skill level 1 in Armour
    86 | D:1      | Reached XP level 2. HP: 11/25 MP: 1/1
   367 | D:1      | Reached XP level 3. HP: 27/30 MP: 2/2
   775 | D:2      | Noticed Jessica
   783 | D:2      | Killed Jessica
   864 | D:2      | Reached XP level 4. HP: 38/38 MP: 3/3
  1208 | D:2      | Found a sacrificial altar of Ru.
  1537 | D:3      | Killed from afar by an orc priest

Skill      XL: |  1  2  3 |
---------------+----------+-----
Armour         | 1 2 |  2.4
Fighting       | 3 |  3.6
Staves         | 4 |  4.6
Dodging        | 4 |  4.2
Throwing       | |  2.0

Action                   |  1- 3 |  4- 6 || total
-------------------------+-------+-------++-------
Melee: Quarterstaff      |    54 |    46 ||   100
       Headbutt          |     8 |     8 ||    16
 Stab: Sleeping          |     1 |       ||     1
  Eat: Chunk             |       |     2 ||     2
Armor: Leather armour    |     2 |    10 ||    12
Dodge: Dodged            |    38 |    32 ||    70
